 Dungeon Sprint DCSS version 0.16-b1 (webtiles) character file.

47 Medar the Grappler (level 3, -2/33 HPs)
             Began as a Hill Orc Monk on Mar 9, 2015.
             Slain by a water elemental (20 damage)
             ... in the Dungeon (Sprint III: "The Ten Rune Challenge").
             The game lasted 00:02:04 (422 turns).

Medar the Grappler (Hill Orc Monk)                   Turns: 422, Time: 00:02:04

Health: -2/33      AC:  2    Str: 14    XL:     3   Next: 70%
Magic:  3/3        EV: 13    Int: 10    God:
Gold:   28         SH:  0    Dex: 13    Spells: 0 memorised, 2 levels left

rFire  . . .     SeeInvis .       - Unarmed
rCold  . . .     Clarity  .     m - +0 robe (curse)
rNeg   . . .     SustAb   .     (no shield)
rPois  .         Gourm    .     (no helmet)
rElec  .         Spirit   .     (no cloak)
rCorr  .         Warding  .     (no gloves)
rMut   .         NoTele   +     (no boots)
MR     .....                    (no amulet)
Stlth  ++........               (no ring)
                                (no ring)

@: not resistant to hostile enchantments, unstealthy
A: no striking features
a: no special abilities


You were in the Dungeon.
You were not hungry.

You visited 1 branch You collected 28 gold pieces.

Inventory:

Missiles
 j - 6 poisoned needles
Armour
 a - a +0 robe
 m - a cursed +0 robe (worn)
Magical devices
 l - a wand of digging (17)
Scrolls
 h - a scroll of blinking
 n - a scroll of torment {!r}
 o - a scroll of remove curse {unknown}
 t - a scroll of holy word {unknown}
Potions
 c - a potion of curing {@q1}
 e - a potion of haste
 f - 3 potions of magic
 g - a potion of berserk rage {!q}
 i - a potion of decay
 q - a potion of agility
 r - 2 potions of cure mutation {!q}
Comestibles
 b - a meat ration
 p - 2 royal jellies


   Skills:
 - Level 4.1 Fighting
 - Level 1.5 Armour
 - Level 2.8 Dodging
 - Level 1.5 Stealth
 + Level 8.2 Unarmed Combat


You had 2 spell levels left.
You didn't know any spells.

Dungeon Overview and Level Annotations

Branches:
Dungeon (1/1)

Altars:


Message History

You punch the water elemental!
The water elemental is heavily damaged.
The water elemental hits you!!
Ouch! That really hurt!
* * * LOW HITPOINT WARNING * * *
The water elemental engulfs you in water!
Drink which item? (? for menu, Esc to quit)
You feel much better.
Your lungs strain for air!
The water elemental barely misses you.
With effort, you pull free of the water engulfing you.
You gasp with relief as air once again reaches your lungs.
You hit the water elemental.
The water elemental is severely damaged.
The water elemental barely misses you.
You hit the water elemental.
The water elemental is severely damaged.
The water elemental hits you!!
Ouch! That really hurt!
You die...

▓▓▓▓▓▓▓▓▓ ▓▓▓ ▓<..#...####
##.# ▓...#......#####..#
▓..##.......#..#..#
▓##.##.##..%#..#..# #+#+#
##.##.###..##'#..#.......
▓#.####.##..###...'.⌠.....
▓.###..##..####...#...####
▓#.....##..###.@E.# ⌠.#
###..##...##.....# .#
##÷.##....#......# #
#..###..##.#.....# #..#
#..#####....# ▓▓▓▓ ▓▓▓▓
▓▓▓▓▓▓


You could see a water elemental.

Vanquished Creatures
  A human (D)
  Jessica (D)
  A giant mite (D)
  A phantom (D)
  2 rats (D)
6 creatures vanquished.

Vanquished Creatures (others)
  A yaktaur (D)
1 creature vanquished.

Grand Total: 7 creatures vanquished

Notes
Turn   | Place    | Note
--------------------------------------------------------------
     0 | D        | Medar, the Hill Orc Monk, began the quest for the Orb.
     0 | D        | Reached XP level 1. HP: 19/19 MP: 1/1
    55 | D        | Killed a yaktaur
    85 | D        | Reached skill level 1 in Armour
    85 | D        | Reached skill level 5 in Unarmed Combat
    85 | D        | Reached XP level 2. HP: 27/27 MP: 2/2
    86 | D        | Noticed Jessica
    98 | D        | Killed Jessica
    98 | D        | Reached skill level 7 in Unarmed Combat
    98 | D        | Reached XP level 3. HP: 26/33 MP: 3/3
   184 | D        | Reached skill level 8 in Unarmed Combat
   404 | D        | Gained mutation: Scrolls take you a little longer to read. [potion of mutation]
   404 | D        | Gained mutation: Your body is slowly deteriorating. [potion of mutation]
   404 | D        | Gained mutation: Scrolls take you longer to read. [potion of mutation]
   405 | D        | Lost mutation: Your body is slowly deteriorating. [potion of cure mutation]
   405 | D        | Lost mutation: Scrolls take you longer to read. [potion of cure mutation]
   405 | D        | Lost mutation: Scrolls take you a little longer to read. [potion of cure mutation]
   413 | D        | Noticed a water elemental
   422 | D        | Slain by a water elemental

Action                   || total
-------------------------++-------
Melee: Unarmed           ||    36
  Use: Scroll            ||     4
       Potion            ||     3
 Stab: Sleeping          ||     2
